 Dungeon Crawl Stone Soup version 0.24-a0-581-gc0fa660 (webtiles) character file.

Game seed: 5032565580702781954

700 Meatpunisher the Shield-Bearer (level 7, -13/42 HPs)
             Began as a Halfling Fighter on Aug 24, 2019.
             Was a Follower of Hepliaklqana.
             Mangled by an ogre
             ... wielding a +0 giant club
              (27 damage)
             ... on level 6 of the Dungeon on Sept 6, 2019.
             The game lasted 00:18:20 (2462 turns).

Meatpunisher the Shield-Bearer (Halfling Fighter)   Turns: 2462, Time: 00:18:22

Health: -13/42     AC:  8    Str: 19    XL:     7   Next: 98%
Magic:  7/7        EV: 10    Int:  6    God:    Hepliaklqana [*.....]
Gold:   108        SH: 10    Dex: 14    Spells: 6/6 levels left

rFire    . . .     SeeInvis .   l - +0 hand axe (elec)
rCold    . . .     Gourm    .   c - +0 shield
rNeg     + . .     Faith    .   b - +1 scale mail
rPois    .         Spirit   .   (no helmet)
rElec    .         Reflect  .   (no cloak)
rCorr    .         Harm     .   (no gloves)
MR       .....                  (no boots)
Stlth    +.........             (no amulet)
HPRegen  0.14/turn              h - ring of positive energy
MPRegen  0.10/turn              (no ring)

@: lightly drained
A: small, reduced essence, mutation resistance 1
a: Recall Ancestor, Ancestor Identity, Renounce Religion


You were on level 6 of the Dungeon.
You worshipped Hepliaklqana.
Hepliaklqana was aware of your devotion.
You were not hungry.

You visited 1 branch of the dungeon, and saw 4 of its levels.

You collected 108 gold pieces.

Inventory:

Hand Weapons
 a - a +1 rapier
 l - a +0 hand axe of electrocution (weapon)
Missiles
 e - 2 curare-tipped darts (quivered)
Armour
 b - a +1 scale mail (worn)
 c - a +0 shield (worn)
Jewellery
 h - a ring of positive energy (left hand)
Scrolls
 d - a scroll of magic mapping
 g - a scroll of fear {unknown}
 i - 2 scrolls of identify
 j - 2 scrolls of teleportation {unknown}
Potions
 k - a potion of haste {unknown}
 q - a potion of heal wounds
Comestibles
 f - 6 rations


   Skills:
 + Level 3.6 Fighting
 + Level 4.5 Short Blades
 + Level 2.5 Axes
 + Level 5.0 Armour
 + Level 2.2 Dodging
 + Level 1.9 Stealth
 * Level 5.6(5.5) Shields


You had 6 spell levels left.
You didn't know any spells.
Your spell library was empty.

Dungeon Overview and Level Annotations

Branches:
Dungeon (3/15)             Temple (0/1) D:6

Altars:
Cheibriados
Hepliaklqana
Wu Jian


Innate Abilities, Weirdness & Mutations

You are small and have problems with some larger weapons.
You are somewhat resistant to further mutation.
Your life essence is reduced to manifest your ancestor. (-10% HP)


Message History

Found a hunting sling.
There is an open door here.
g - a scroll labeled MADISHRAJES You open the door.
There is an open door here.
Found a staircase to the Ecumenical Temple.
An ogre comes into view. It is wielding a +0 giant club.
You barely miss the ogre. You hit the plant.
You hit the plant but do no damage. Lightning courses through the plant!!
The ogre barely misses you.
You barely miss the ogre. You hit the plant but do no damage.
You hit the plant. Lightning courses through the plant!
The ogre hits you with a +0 giant club!
You hit the ogre.
The ogre is lightly wounded.
You hit the plant. Lightning courses through the plant!
You hit the plant but do no damage. Lightning courses through the plant!
The ogre hits you with a +0 giant club!!
Ouch! That really hurt!
You die...

..# #............
..########............
..'......'............ .
..########..............
).# #####'####.... ..#
#.# P. ..# #.### .## ..#
##########..P#...#P. ..#
#........#..@O.>.... ..#
#........#.#P#...#P.
..###........#.### .##
...).........#.# P#
.###.........#.# .. .#
##.#...####.# ..
.####.#...####.####... .
.#........)...........
p#.##..#######.######


You could see an ogre.

Vanquished Creatures
  Pikel (D:6)
  2 wights (D:6)
  A hound (D:6)
  3 adders
  An ooze (D:2)
  2 worms (D:2)
  5 dart slugs
  2 leopard geckos
  6 orcs
  2 ball pythons
  A giant cockroach (D:1)
  6 goblins (D:1)
  4 hobgoblins
  3 jackals
  A quokka (D:2)
  7 bats
  2 frilled lizards
  5 kobolds
  6 rats
60 creatures vanquished.

Vanquished Creatures (collateral kills)
  An adder (D:3)
  3 orcs (D:3)
  2 bats
  2 goblins (D:3)
  A jackal (D:3)
  A quokka (D:3)
  A ball python (D:3)
  A frilled lizard (D:2)
  3 kobolds
15 creatures vanquished.

Vanquished Creatures (others)
  An adder zombie (D:6)
  An ancestor (D:3)
2 creatures vanquished.

Grand Total: 77 creatures vanquished

Notes
Turn   | Place    | Note
-------+----------+-------------------------------------------
     0 | D:1      | Meatpunisher the Halfling Fighter began the quest for the
                  | Orb.
     0 | D:1      | Reached XP level 1. HP: 15/15 MP: 1/1
   157 | D:1      | Reached XP level 2. HP: 19/20 MP: 2/2
   280 | D:1      | Reached XP level 3. HP: 25/25 MP: 3/3
   351 | D:1      | Reached skill level 1 in Dodging
   428 | D:1      | Reached skill level 1 in Stealth
   669 | D:2      | Reached XP level 4. HP: 13/30 MP: 4/4
  1461 | D:2      | Found a hazy altar of Hepliaklqana.
  1467 | D:2      | Became a worshipper of Hepliaklqana the Forgotten
  2072 | D:3      | Reached XP level 5. HP: 25/32 MP: 5/5
  2081 | D:3      | Found a snail-covered altar of Cheibriados.
  2296 | D:3      | You fall into a shaft and drop 3 floors!
  2348 | D:6      | Found an ornate altar of the Wu Jian Council.
  2348 | D:6      | Noticed a slave
  2349 | D:6      | Noticed a slave
  2349 | D:6      | Noticed Pikel
  2349 | D:6      | Noticed a slave
  2350 | D:6      | Noticed a slave
  2368 | D:6      | Killed Pikel
  2368 | D:6      | Reached skill level 5 in Shields
  2368 | D:6      | Reached XP level 6. HP: 16/37 MP: 6/6
  2368 | D:6      | Reached XP level 7. HP: 18/41 MP: 7/7
  2380 | D:6      | Reached skill level 5 in Armour
  2457 | D:6      | Found a staircase to the Ecumenical Temple.
  2457 | D:6      | Reached * piety under Hepliaklqana
  2462 | D:6      | Mangled by an ogre

Levels and vault maps discovered:
D:1:      dpeg_arrival_chambers_temple_mockup, layout_basic,
          minmay_indecisive_spiral
D:2:      minmay_alternating_diamond, layout_loops_cross,
          overflow_temple_1_default, first_ration
D:3:      layout_basic, lemuel_crystal_altar, lemuel_doored_altar,
          elyvilon_altar_5, uniq_grinder
D:6:      layout_basic, minmay_temple_entry_gardened_gates, basic_altar,
          uniq_blork_the_orc, uniq_pikel

Skill      XL: |  1  2  3  4  5  6  7 |
---------------+----------------------+-----
Short Blades   | 3 4 |  4.5
Dodging        | 1 2 |  2.2
Stealth        | 1 |  1.9
Fighting       | 3 |  3.6
Armour         | 4 5 |  5.0
Axes           | 2 |  2.5
Shields        | 5 |  5.6

Action                   |  1- 3 |  4- 6 |  7- 9 || total
-------------------------+-------+-------+-------++-------
Melee: Rapier            |    99 |    46 |       ||   145
       Hand axe          |       |    51 |    10 ||    61
  Use: Scroll            |     2 |     7 |       ||     9
       Potion            |       |     6 |       ||     6
  Eat: Ration            |       |     1 |       ||     1
       Chunk             |       |     1 |     1 ||     2
Armor: Scale mail        |    33 |    49 |     1 ||    83
Dodge: Dodged            |    38 |    37 |     3 ||    78
Block: Shield            |    58 |    50 |     5 ||   113

Table legend:
 A = Non-vault XP
 B = Vault XP
 C = Vault XP percentage of total XP
 D = Non-vault monster count
 E = Vault monster count
 F = Vault count percentage of total count
                 A         B        C        D         E       F
            +---------+---------+-------+---------+---------+-------
      Total |     325 |     675 |  67.5 |      65 |      11 |  14.5
            +---------+---------+-------+---------+---------+-------
        D:1 |      27 |      10 |  27.0 |      16 |       4 |  20.0
        D:2 |      69 |      14 |  16.9 |      21 |       6 |  22.2
        D:3 |      65 |       0 |   0.0 |      20 |       0 |   0.0
        D:6 |     164 |     651 |  79.9 |       8 |       1 |  11.1
            +---------+---------+-------+---------+---------+-------
